 Dungeon Crawl Stone Soup version 0.31.0-12-g77e489cdc1 (webtiles) character file.

Game seed: 3476150187184247699

23 Wetcigarette the Vexing (level 2, -2/15 HPs)
             Began as a Vampire Enchanter on Feb 29, 2024.
             Slain by Jessica
             ... wielding a +0 club
              (4 damage)
             ... on level 2 of the Dungeon on Mar 1, 2024.
             The game lasted 00:10:11 (979 turns).

Wetcigarette the Vexing (Vampire Enchanter)          Turns: 979, Time: 00:10:11

Health: -2/15      AC:  3    Str:  7    XL:     2   Next: 72%
Magic:  5/5        EV: 11    Int: 17    God:
Gold:   121        SH:  0    Dex: 14    Spells: 5/5 levels left

rFire   . . .        a - +1 dagger
rCold   + + .        (no shield)
rNeg    + + +        g - +0 leather armour
rPois   ∞            (no helmet)
rElec   .            (no cloak)
rCorr   .            (no gloves)
SInv    +            (no boots)
Will    +....        (no amulet)
Stlth   +++++        (no ring)
HPRegen 0.00/turn    (no ring)
MPRegen 0.09/turn

%: no passive effects
@: enlightened, flying, bloodless, inhibited regen
A: bloodless, fangs 3, see invisible, vampiric 1
a: Revivify


You were on level 2 of the Dungeon.
You visited 1 branch of the dungeon, and saw 2 of its levels.

You collected 121 gold pieces.

Inventory:

Hand Weapons
 a - a +1 dagger (weapon)
Armour
 g - a +0 leather armour (worn)
 n - a +0 helmet
Talismans
 h - a flux talisman
Scrolls
 b - a scroll of immolation {unknown}
 d - a scroll of blinking {unknown}
 j - a scroll of noise {unknown}
 k - a scroll of identify
 m - a scroll of amnesia {unknown}
 o - a scroll of revelation {unknown}
 p - a scroll of enchant armour {unknown}
Potions
 c - 2 potions of invisibility
 e - a potion of degeneration {unknown}
 f - a potion of enlightenment
 i - a potion of brilliance {unknown}
 l - a potion of curing {unknown}


   Skills:
 + Level 1.2 Short Blades
 + Level 2.4 Dodging
 + Level 5.0 Stealth
 + Level 2.1 Spellcasting
 + Level 5.0 Hexes


You had 5 spell levels left.
You didn't know any spells.
Your spell library contained the following spells:

 Spells                   Type           Power      Damage    Failure   Level
 Confusing Touch          Hex            19%        N/A       11%         3
 Tukima's Dance           Hex            19%        N/A       11%         3
 Ensorcelled Hibernation  Hex/Ice        20%        N/A       16%         2
 Dazzling Flash           Conj/Hex       20%        N/A       30%         3


Dungeon Overview and Level Annotations

Branches:
Dungeon (2/15)

Altars:

Annotations:
D:2 Jessica


Innate Abilities, Weirdness & Mutations

You do not regenerate when monsters are visible.
You are frail without blood (-20% HP).
You can heal yourself when you bite living creatures.
You are immune to poison.
You have razor-sharp teeth.
You have supernaturally acute eyesight. (SInv)
You are afflicted with vampirism.


Message History

Found a stone staircase leading up.
Found a mace.
You now have 114 gold pieces (gained 12).
o - a scroll labelled JYLUOSOCK KEUHA You see here a +0 mace.
A rat comes into view.
Found an escape hatch in the floor.
The helpless rat fails to defend itself.
You bite the rat, and draw its blood! You puncture the rat!
You kill the rat!
There is an escape hatch in the floor here.
p - a scroll labelled RAXANA CYZOORE
There is a stone staircase leading up here.
You now have 121 gold pieces (gained 7).
Jessica the Apprentice Sorceress comes into view.
She is wielding a +0 club.
Jessica shouts!
Jessica hits you with a +0 club.
You closely miss Jessica. Jessica barely misses you.
You hit Jessica but do no damage. Jessica hits you with a +0 club.
You closely miss Jessica. Jessica closely misses you.
You completely miss Jessica. Jessica barely misses you.
You barely miss Jessica. Jessica closely misses you.
You hit Jessica.
Jessica is moderately wounded.
Jessica hits you with a +0 club.
* * * LOW HITPOINT WARNING * * *
Unknown command.
Unknown command.
Unknown command.
You feel very buoyant.
You fly up into the air.
Jessica gestures wildly.
Jessica closely misses you.
You hit Jessica.
Jessica is heavily wounded.
Jessica closely misses you.
You hit Jessica but do no damage.
Jessica is heavily wounded.
Jessica hits you with a +0 club.
You die...

####### ##.....##
###########..###..#
.............# #..#
###########..###..####
#..........# #.#####.##.#
####.#####.##.# #####
#.......@@.##.############
....#
#.##.########............#
###.# #.##.#
#..#########.#
###.####.##.# #..# #.#
............# ###..######
#.# ####.###.####
#.........# #.# ##.###.#
#<#..####.# #.#
###...##.### #....# #.#
#.# ...........# #..#.#
#.# #.#


You could see Jessica.

Vanquished Creatures
  2 endoplasms
  2 giant cockroaches (D:1)
  2 goblins
  A hobgoblin (D:2)
  A quokka (D:2)
  3 bats
  3 frilled lizards (D:2)
  5 kobolds
  4 rats
23 creatures vanquished.

Notes
Turn   | Place    | Note
-------+----------+-------------------------------------------
     0 | D:1      | Wetcigarette the Vampire Enchanter began the quest for the
                  | Orb.
     0 | D:1      | Reached XP level 1. HP: 13/13 MP: 3/3
   341 | D:1      | Reached XP level 2. HP: 15/15 MP: 5/5
   348 | D:1      | Reached skill level 5 in Hexes
   373 | D:1      | Found a faded altar of an unknown god.
   654 | D:2      | Reached skill level 5 in Stealth
   969 | D:2      | Noticed Jessica
   979 | D:2      | Slain by Jessica

Illustrated notes

Levels and vault maps discovered:
D:1:      saegor_arrival_simple_a, layout_basic,
          dreamdust_ecumenical_altar_angels_and_demons, minmay_tetromino_l4
D:2:      layout_loops_ring, uniq_sigmund, uniq_jessica

Skill      XL: |  1  2 |
---------------+-------+-----
Hexes          | 5 |  5.0
Stealth        | 5 |  5.0
Short Blades   | |  1.2
Dodging        | |  2.4
Spellcasting   | |  2.1

Action                     || total
---------------------------++-------
  Melee: Dagger            ||    58
         Bite              ||     5
         Punch             ||     1
Ability: Exsanguinate      ||     1
    Use: Scroll            ||     1
         Potion            ||     1
   Stab: Sleeping          ||     8
 Armour: Robe              ||    18
         Leather armour    ||    12
  Dodge: Dodged            ||    34
